[ AOE2 MATCH · #504696380 ]
UnrankedWei vs Incas
Player's team · LOSS
Rival team · WIN
[ REPLAY ANALYSIS · EXTRACTED FROM THE RECORDED GAME ]
Feudal
9:18
Castle
23:12
Imperial
—
| APM avg | 53.8 |
| APM peak | 97 |
| eAPM avg | 25.6 |
| Villagers / military | 51 / 33 |
Focus
⚔️ 18.2% · 🌾 81.8%
Archer ×33
Feudal
10:08
Castle
21:56
Imperial
—
| APM avg | 40.4 |
| APM peak | 72 |
| eAPM avg | 15.3 |
| Villagers / military | 40 / 2 |
Focus
⚔️ 17.2% · 🌾 82.8%
Unknown (2550) ×21 · Monk ×2
Match map
Initial resources + every placement click. Lines = walls · curves = elevation contours. ◆ gold · ⬟ stone · ● berries · ✦ relic · ◌ wall gap
Your base· ✓ Closed at 23:12 · 3t walls · 2 gate(s)
YAYA's base· Open — 6t gap
Smoothed initial terrain · ◌ = detected wall gap · hover for details
Inputs per minute
— PowerBug96 - - YAYA
Build order — PowerBug96
149 actions detected in the replay
| 0:00 | Queue | Villager (Male) |
| 0:01 | Queue | Villager (Male) |
| 0:01 | Queue | Villager (Male) |
| 0:02 | Build | House |
| 0:03 | Build | House |
| 0:19 | Queue | Villager (Male) |
| 0:20 | Queue | Villager (Male) |
| 1:27 | Queue | Villager (Male) |
| 1:27 | Queue | Villager (Male) |
| 1:52 | Build | Lumber Camp |
| 1:55 | Queue | Villager (Male) |
| 2:23 | Queue | Villager (Male) |
| 2:23 | Queue | Villager (Male) |
| 2:58 | Queue | Villager (Male) |
| 2:58 | Queue | Villager (Male) |
| 3:16 | Queue | Villager (Male) |
| 3:16 | Queue | Villager (Male) |
| 3:49 | Queue | Villager (Male) |
| 3:54 | Build | House |
| 4:06 | Queue | Villager (Male) |
| 4:07 | Queue | Villager (Male) |
| 4:30 | Queue | Villager (Male) |
| 4:30 | Queue | Villager (Male) |
| 4:40 | Build | Mill |
| 4:46 | Queue | Villager (Male) |
| 4:50 | Queue | Villager (Male) |
| 5:07 | Research | Loom |
| 5:20 | Queue | Villager (Male) |
| 6:25 | Build | Palisade Gate |
| 6:37 | Research | Feudal Age |
| 7:22 | Build | Mining Camp |
| 7:45 | Queue | Villager (Male) |
| 8:09 | Build | Mill |
| 8:13 | Build | Palisade Wall |
| 8:15 | Build | Palisade Wall |
| 8:19 | Build | Palisade Wall |
| 8:22 | Build | Palisade Wall |
| 8:29 | Build | Barracks |
| 8:34 | Queue | Villager (Male) |
| 8:35 | Queue | Villager (Male) |
| 8:37 | Build | House |
| 9:18 | Age | Feudal Age |
| 9:27 | Build | Mill |
| 9:30 | Build | Archery Range |
| 9:43 | Queue | Villager (Male) |
| 9:50 | Build | House |
| 9:56 | Research | Double-Bit Axe |
| 9:59 | Queue | Villager (Male) |
| 10:08 | Queue | Archer |
| 10:08 | Queue | Archer |
| 10:19 | Build | House |
| 10:24 | Queue | Villager (Male) |
| 10:35 | Research | Horse Collar |
| 10:44 | Queue | Archer |
| 10:55 | Research | Gold Mining |
| 10:56 | Research | Gold Mining |
| 11:02 | Queue | Archer |
| 11:02 | Queue | Archer |
| 11:23 | Queue | Villager (Male) |
| 11:27 | Queue | Archer |
| 11:44 | Build | Farm |
| 11:47 | Build | Farm |
| 11:52 | Queue | Archer |
| 11:59 | Build | Blacksmith |
| 12:12 | Queue | Villager (Male) |
| 12:18 | Queue | Villager (Male) |
| 12:20 | Build | House |
| 12:21 | Build | House |
| 12:25 | Queue | Villager (Male) |
| 12:39 | Queue | Villager (Male) |
| 12:42 | Build | House |
| 13:25 | Queue | Villager (Male) |
| 13:35 | Queue | Villager (Male) |
| 13:38 | Build | Market |
| 13:40 | Build | Farm |
| 13:42 | Build | Farm |
| 13:49 | Queue | Villager (Male) |
| 13:57 | Build | Farm |
| 13:58 | Build | Farm |
| 14:00 | Build | Farm |
| 14:08 | Queue | Archer |
| 14:30 | Queue | Villager (Male) |
| 14:38 | Research | Fletching |
| 14:43 | Build | Gate |
| 14:50 | Build | Farm |
| 14:54 | Build | Farm |
| 14:56 | Build | Farm |
| 15:00 | Build | Farm |
| 15:25 | Queue | Archer |
| 15:27 | Queue | Villager (Male) |
| 15:31 | Queue | Villager (Male) |
| 15:33 | Build | Farm |
| 15:42 | Build | Farm |
| 15:46 | Build | Farm |
| 15:46 | Queue | Villager (Male) |
| 15:52 | Queue | Archer |
| 16:07 | Queue | Villager (Male) |
| 16:12 | Queue | Archer |
| 16:15 | Queue | Villager (Male) |
| 16:18 | Build | Farm |
| 16:20 | Build | Farm |
| 16:37 | Queue | Villager (Male) |
| 16:58 | Queue | Villager (Male) |
| 17:11 | Queue | Archer |
| 17:12 | Queue | Archer |
| 17:16 | Research | Padded Archer Armor |
| 17:17 | Queue | Villager (Male) |
| 17:26 | Build | Farm |
| 17:45 | Queue | Villager (Male) |
| 17:48 | Queue | Archer |
| 18:04 | Queue | Villager (Male) |
| 18:09 | Build | Lumber Camp |
| 18:15 | Queue | Archer |
| 18:28 | Build | House |
| 18:36 | Build | House |
| 18:45 | Queue | Archer |
| 18:50 | Queue | Villager (Male) |
| 18:56 | Build | Farm |
| 19:16 | Queue | Villager (Male) |
| 19:29 | Queue | Villager (Male) |
| 19:31 | Build | House |
| 19:44 | Build | House |
| 19:45 | Build | House |
| 19:48 | Build | House |
| 20:13 | Queue | Archer |
| 20:32 | Research | Castle Age |
| 20:41 | Queue | Archer |
| 20:41 | Queue | Archer |
| 20:42 | Queue | Archer |
| 20:50 | Build | Archery Range |
| 21:03 | Queue | Archer |
| 21:03 | Queue | Archer |
| 21:08 | Queue | Villager (Male) |
| 21:13 | Queue | Archer |
| 21:43 | Queue | Archer |
| 21:43 | Queue | Archer |
| 21:43 | Queue | Archer |
| 21:55 | Build | Mining Camp |
| 22:02 | Queue | Archer |
| 22:03 | Queue | Archer |
| 22:22 | Queue | Archer |
| 22:23 | Queue | Archer |
| 22:35 | Build | Archery Range |
| 22:38 | Queue | Archer |
| 22:39 | Queue | Archer |
| 22:50 | Research | Wheelbarrow |
| 22:55 | Queue | Archer |
| 23:12 | Age | Castle Age |
| 23:33 | Research | Thumb Ring |
Build order — YAYA
108 actions detected in the replay
| 0:02 | Queue | Villager (Male) ×4 |
| 0:03 | Build | House |
| 0:06 | Build | House |
| 1:28 | Queue | Villager (Male) |
| 1:28 | Queue | Villager (Male) |
| 2:01 | Queue | Villager (Male) |
| 2:02 | Queue | Villager (Male) |
| 2:35 | Queue | Villager (Male) |
| 2:35 | Queue | Villager (Male) |
| 2:58 | Queue | Villager (Male) |
| 3:16 | Queue | Villager (Male) |
| 3:36 | Queue | Villager (Male) |
| 3:36 | Queue | Villager (Male) |
| 4:19 | Queue | Villager (Male) |
| 4:26 | Build | Barracks |
| 4:56 | Queue | Villager (Male) |
| 5:06 | Queue | Unit 2550 |
| 5:06 | Queue | Unit 2550 |
| 5:21 | Queue | Villager (Male) |
| 5:21 | Queue | Villager (Male) |
| 5:56 | Queue | Unit 2550 |
| 5:56 | Queue | Unit 2550 |
| 6:09 | Queue | Villager (Male) |
| 6:37 | Queue | Villager (Male) |
| 7:02 | Build | Settlement |
| 7:05 | Queue | Villager (Male) |
| 7:58 | Research | Feudal Age |
| 7:58 | Research | Feudal Age |
| 8:57 | Build | Settlement |
| 9:04 | Queue | Unit 2550 |
| 9:04 | Queue | Unit 2550 |
| 9:25 | Queue | Villager (Male) |
| 10:08 | Age | Feudal Age |
| 10:14 | Build | Barracks |
| 10:16 | Research | Tech 1402 |
| 10:16 | Research | Tech 1402 |
| 10:26 | Queue | Villager (Male) |
| 10:51 | Queue | Villager (Male) |
| 11:05 | Research | Arson |
| 11:05 | Research | Arson |
| 11:12 | Queue | Unit 2550 |
| 11:12 | Queue | Unit 2550 |
| 11:13 | Queue | Unit 2550 |
| 11:17 | Queue | Villager (Male) |
| 11:29 | Build | Blacksmith |
| 11:37 | Queue | Villager (Male) |
| 12:00 | Queue | Unit 2550 ×3 |
| 12:20 | Queue | Villager (Male) |
| 12:32 | Queue | Villager (Male) |
| 12:35 | Build | Settlement |
| 13:23 | Build | Farm |
| 13:37 | Research | Scale Mail Armor |
| 13:45 | Build | Settlement |
| 13:57 | Queue | Villager (Male) |
| 13:59 | Queue | Unit 2550 |
| 14:42 | Queue | Villager (Male) |
| 14:43 | Build | Farm |
| 14:44 | Queue | Villager (Male) |
| 14:46 | Research | Double-Bit Axe |
| 14:47 | Research | Double-Bit Axe |
| 15:12 | Build | Farm |
| 15:13 | Build | Farm |
| 15:22 | Queue | Unit 2550 ×4 |
| 15:45 | Research | Forging |
| 15:49 | Queue | Villager (Male) |
| 15:50 | Queue | Villager (Male) |
| 16:10 | Queue | Villager (Male) |
| 16:12 | Build | Farm |
| 16:13 | Build | Farm |
| 16:17 | Build | Farm |
| 16:18 | Build | Farm |
| 16:44 | Build | Outpost |
| 16:49 | Queue | Villager (Male) |
| 17:09 | Build | Farm |
| 17:10 | Build | Farm |
| 17:11 | Queue | Villager (Male) |
| 17:33 | Queue | Villager (Male) |
| 17:49 | Build | Outpost |
| 17:51 | Build | Farm |
| 17:57 | Queue | Villager (Male) |
| 18:25 | Research | Loom |
| 18:38 | Build | Market |
| 19:16 | Research | Castle Age |
| 19:17 | Research | Castle Age |
| 19:30 | Research | Horse Collar |
| 19:30 | Research | Horse Collar |
| 19:49 | Build | Farm |
| 19:50 | Build | Farm |
| 19:52 | Queue | Unit 2550 |
| 19:56 | Build | Farm |
| 20:10 | Build | Outpost |
| 20:32 | Research | Gold Mining |
| 20:33 | Research | Gold Mining |
| 21:17 | Queue | Villager (Male) |
| 21:17 | Queue | Villager (Male) |
| 21:56 | Age | Castle Age |
| 21:57 | Build | Farm |
| 22:00 | Research | Tech 1351 |
| 22:01 | Research | Squires |
| 22:06 | Research | Chain Mail Armor |
| 22:06 | Research | Chain Mail Armor |
| 22:06 | Research | Chain Mail Armor |
| 22:20 | Build | Monastery |
| 22:32 | Queue | Unit 2550 ×3 |
| 22:55 | Queue | Monk |
| 23:34 | Research | Iron Casting |
| 23:41 | Build | Town Center |
| 23:44 | Queue | Monk |
Match timeline
| 4:26 | YAYA · first_building Barracks |
| 8:13 | PowerBug96 · wall_segment Palisade Wall x1 |
| 8:15 | PowerBug96 · wall_segment Palisade Wall x1 |
| 8:19 | PowerBug96 · wall_segment Palisade Wall x1 |
| 8:22 | PowerBug96 · wall_segment Palisade Wall x1 |
| 8:29 | PowerBug96 · first_building Barracks |
| 9:18 | PowerBug96 · age_up feudal |
| 9:30 | PowerBug96 · first_building Archery Range |
| 10:08 | YAYA · age_up feudal |
| 14:29 | PowerBug96 · first_market_sell 100 wood |
| 21:56 | YAYA · age_up castle |
| 22:20 | YAYA · first_building Monastery |
| 23:12 | PowerBug96 · age_up castle |
| 23:44 | PowerBug96 · resign |
[ AI ANALYSIS · 1 CREDIT ]
What really happened in this match?
Wolo.gg analyzes every decision: build order, eco, micro, common mistakes by bracket. Personalized analysis on WhatsApp or Discord in 30 seconds.
Civ guide
Wei
Perfil
Jugador #8893803